[Event "Late-Titled-Tuesday-Blitz-March-26-2024"]
[Site "Chess.com"]
[Date "2024.03.26"]
[Round "8"]
[White "ArchibaldCerveza29"]
[Black "teresin05"]
[Result "1-0"]
[WhiteElo "2372"]
[BlackElo "2232"]
[TimeControl "180+1"]
[EndTime "15:28:17 PDT"]
[Termination "ArchibaldCerveza29 won by checkmate"]

1. e4 c5 2. d4 cxd4 3. c3 dxc3 4. Nxc3 e6 5. Nf3 a6 6. Bc4 Ne7 7.
Bg5 f6 8. Bf4 Ng6 9. Bg3 Be7 10.
O-O Nc6 11. Qe2 b5 12. Bb3 Na5 13. Bc2 O-O 14. Rfd1 Qb6 15. Rac1 Nc4 16. Bb1 d6 17. b3 Na3 18. Bd3 Bb7 19. h4 Ne5 20. Nxe5 dxe5 21. h5 Rac8 22. h6 g6 23. Qg4 f5 24. Qh3 f4 25.
Bh2 Bc5 26. Qf3 Bd4 27. Ne2 Rxc1 28. Rxc1 Rc8 29. Rd1 a5 30. Nxd4 Qxd4 31. Bxb5 Qxe4 32. Qxe4 Bxe4 33. Bd7 Rc2 34. Bxe6+ Kf8 35. f3 Bf5 36. Bxf5 gxf5 37. Kh1 Rxa2 38. Bg1 Nc2 39. Kh2 Na1 40. Rd7 Nxb3 41. Rxh7 a4 42. Ra7 Kg8 43. Bb6 Nd4 44. h7+ Kh8 45. Bd8 Nxf3+ 46. Kh3 Ng1+ 47. Kh4 Nf3+ 48. Kh5 Rxg2 49. Bf6+ Rg7 50. Rxg7 Ng5 51. Ra7# 1-0

[Event "Late-Titled-Tuesday-Blitz-March-26-2024"]
[Site "Chess.com"]
[Date "2024.03.26"]
[Round "8"]
[White "sergiochess83"]
[Black "DanielDardha2005"]
[Result "1-0"]
[WhiteElo "2997"]
[BlackElo "2873"]
[TimeControl "180+1"]
[EndTime "15:28:19 PDT"]
[Termination "sergiochess83 won by resignation"]

1. d4 Nf6 2. c4 e6 3. Nf3 h6 4.
g3 Bb4+ 5. Bd2 Be7 6. Bg2 d5 7. O-O O-O 8. b3 a5 9. Nc3 b6 10. Bf4 Bb7 11. cxd5 exd5 12. Ne5 Re8 13. Qc2 Na6 14.
Rad1 c6 15. Qb1 Nc7 16. Bh3 Ne6 17. Bxe6 fxe6 18. Bxh6 Bf8 19. Bg5 Qc7 20. h4 Nh7 21. Bf4 Qd8 22. Qg6 Qf6 23. Na4 c5 24. Nxb6 Rad8 25.
Qd3 cxd4 26. Nbd7 Qe7 27. Nxf8 Qxf8 28. Qxd4 Ba6 29. Rfe1 Nf6 30. Rc1 Rc8 31. f3 Rxc1 32. Rxc1 Bxe2 33. Rc7 Kh7 34. Bg5 Re7 35. Rc2 Bb5 36.
Qf4 Kg8 37. Ng4 Rf7 38. Bxf6 gxf6 39. Nh6+ Kh7 40. Nxf7 Qxf7 41. Rc7 Bd7 42. Qd6 Qg6 43. Rxd7+ Kh6 44. Qf4+ Kh5 45. g4+ Kxh4 46. Rh7+ Qxh7 47. Qh2+ 1-0

[Event "Late-Titled-Tuesday-Blitz-March-26-2024"]
[Site "Chess.com"]
[Date "2024.03.26"]
[Round "8"]
[White "jinbojinbo"]
[Black "carokannlover213"]
[Result "0-1"]
[WhiteElo "2643"]
[BlackElo "2834"]
[TimeControl "180+1"]
[EndTime "15:28:22 PDT"]
[Termination "carokannlover213 won on time"]

1. e4 c6 2. d4 d5 3. exd5 cxd5 4. Bd3 Nc6 5. c3 Qc7 6. Ne2 e5 7. dxe5 Nxe5 8. Bc2 Nf6 9. Bf4 Bd6 10. Bg3 O-O 11. O-O Bg4 12. h3 Bh5 13. Re1 Rfe8 14. Nd2 Rad8 15.
Nb3 Nc4 16. Bxd6 Rxd6 17. Rb1 Rde6 18. Nbd4 R6e7 19. Bd3 Bg6 20. Bxg6 hxg6 21. Qd3 a6 22. Nf3 Ne5 23. Nxe5 Rxe5 24. Kf1 Qe7 25. Rbd1 Ne4 26. a3 Qf6 27. f3 Qf5 28. Qd4 b5 29. Qb6 Ng5 30. Qf2 Qc2 31. Nd4 Rxe1+ 32. Rxe1 Rxe1+ 33. Qxe1 Qxb2 34. Qe8+ Kh7 35. Qe7 Qxc3 36. Ne2 Qa1+ 37. Kf2 Qf6 38. Qd7 Ne4+ 39. Kg1 Qb6+ 40. Kh2 Qd6+ 41. Qxd6 Nxd6 42. Kg3 Nc4 43. Nf4 d4 0-1

[Event "Late-Titled-Tuesday-Blitz-March-26-2024"]
[Site "Chess.com"]
[Date "2024.03.26"]
[Round "8"]
[White "hellokostya"]
[Black "stollenmonster"]
[Result "1/2-1/2"]
[WhiteElo "2601"]
[BlackElo "2847"]
[TimeControl "180+1"]
[EndTime "15:28:23 PDT"]
[Termination "Game drawn by repetition"]

1. d4 Nf6 2. Bg5 e6 3. Nd2 d5 4. e3 h6 5. Bh4 Be7 6. Bd3 c5 7. c3 Nc6 8. Ngf3 g5 9. Bg3 Bd6 10. Bb5 Qe7 11. Ne5 Bd7 12. Bxc6 Bxc6 13. Nxc6 bxc6 14.
Qa4 Rc8 15. dxc5 Bxc5 16. Nb3 Bb6 17. Be5 Rg8 18. O-O Nd7 19. Bg3 h5 20. h3 g4 21. h4 Nf6 22. Nd2 Qd7 23. e4 Rg6 24. exd5 cxd5 25. Qc2 Bc7 26. Bxc7 Qxc7 27. g3 Kf8 28. Qd3 Kg7 29. Rfe1 Nd7 30. Qd4+ Rf6 31.
Nf1 Qc5 32. Ne3 Qxd4 33. cxd4 Nb6 34. Rec1 Rh6 35. Rxc8 Nxc8 36. Rc1 Nd6 37. Rc7 Rh8 38. Rxa7 Rc8 39. a4 Rc1+ 40. Kg2 Ne4 41. a5 Nd2 42.
Rb7 Nf3 43. Nf1 Ne1+ 44. Kg1 Nf3+ 45. Kg2 Ra1 46. b4 Nxd4 47. Rb6 Nf3 48. a6 d4 49. b5 d3 50. Rd6 Ne1+ 51. Kg1 Nf3+ 52. Kg2 Ne1+ 53. Kg1 Nf3+ 54. Kg2 1/2-1/2

[Event "Late-Titled-Tuesday-Blitz-March-26-2024"]
[Site "Chess.com"]
[Date "2024.03.26"]
[Round "8"]
[White "UK_23"]
[Black "dolynachess"]
[Result "1/2-1/2"]
[WhiteElo "2393"]
[BlackElo "2509"]
[TimeControl "180+1"]
[EndTime "15:28:25 PDT"]
[Termination "Game drawn - insufficient material"]

1. e4 c5 2. Nf3 d6 3. d4 cxd4 4. Qxd4 Nf6 5. Be2 Nc6 6. Qe3 g6 7. O-O Bg7 8. Rd1 O-O 9. c4 Qc7 10. h3 Be6 11. Nc3 Rfc8 12. Rb1 a6 13. b3 Rab8 14. Bb2 Qa5 15. a3 Nd7 16. b4 Qc7 17.
Rbc1 Nce5 18. Nd5 Bxd5 19. cxd5 Qb6 20. Bd4 Nxf3+ 21. Bxf3 Bxd4 22. Rxc8+ Rxc8 23. Qxd4 Qxd4 24. Rxd4 Rc1+ 25. Kh2 Ne5 26. Bg4 h5 27. Be2 Rc2 28. f4 Rxe2 29. fxe5 dxe5 30. Rc4 b5 31. Rc6 Rxe4 32. Rxa6 Rd4 33. Ra7 Kf8 34. Ra8+ Kg7 35.
Ra7 Rxd5 36. Rxe7 Rd3 37. Rxe5 Rxa3 38. Rxb5 Rb3 39. Rb7 h4 40. b5 Rb1 41. b6 g5 42.
Rb8 Kg6 43. Rb7 f6 44. Rb8 Kf5 45. Rb7 Kf4 46. Rb8 f5 47. Rb7 Rb2 48. Rb8 Rb3 49. Kg1 Rb1+ 50. Kf2 Rb2+ 51. Kf1 Kg3 52. Rg8 Rb1+ 53.
Ke2 Kxg2 54. Rxg5+ Kxh3 55. Rg6 Kh2 56. Kf3 h3 57.
Kf4 Rb5 58. Kf3 Rb4 59. Kf2 Kh1 60. Kf1 h2 61. Kf2 Rb3 62. Kf1 f4 63. Kf2 f3 64.
Kf1 Rb2 65. Rf6 f2 66. Rg6 Rc2 67. b7 Rb2 68. Rg7 Rb1+ 69. Kxf2 Rb2+ 70. Kf1 Rb1+ 71. Ke2 Rb2+ 72. Kd3 Rb3+ 73. Kc4 Rxb7 74. Rxb7 Kg2 75.
Rb2+ Kg1 76. Rb1+ Kg2 77. Rb2+ Kg1 78. Kd3 h1=Q 79. Rb1+ Kg2 80. Rxh1 Kxh1 1/2-1/2

[Event "Late-Titled-Tuesday-Blitz-March-26-2024"]
[Site "Chess.com"]
[Date "2024.03.26"]
[Round "8"]
[White "RianKapriaga"]
[Black "Mikhal867"]
[Result "0-1"]
[WhiteElo "2344"]
[BlackElo "2465"]
[TimeControl "180+1"]
[EndTime "15:28:25 PDT"]
[Termination "Mikhal867 won on time"]

1. d4 g6 2. Nf3 Bg7 3. e4 d6 4. c4 Nf6 5. Nc3 O-O 6. Be2 e5 7. O-O Nc6 8. d5 Ne7 9. b4 Nh5 10. c5 a5 11. cxd6 cxd6 12. bxa5 f5 13. Ng5 Nf4 14.
Bc4 fxe4 15. Ngxe4 Nf5 16. Re1 Nd4 17. Bxf4 exf4 18. Rc1 f3 19. g3 Rxa5 20. Bf1 b5 21. Rb1 Bg4 22. Nxb5 Ne2+ 23. Kh1 Bf5 24. Nbxd6 Rxa2 25. Nxf5 gxf5 26. Nc5 Qf6 27. Bxe2 fxe2 28. Rxe2 Rxe2 29.
Qxe2 Qd4 30. Qe6+ Kh8 31. Nd7 Rg8 32. Kg1 f4 33. Re1 f3 34. Qe4 Qc3 35. h4 Rd8 36. Ne5 Kg8 37. Qf5 Rf8 38. Kh2 Rxf5 39. Ng4 Rxd5 40. Re8+ Kf7 41. Re3 Qxe3 0-1

[Event "Late-Titled-Tuesday-Blitz-March-26-2024"]
[Site "Chess.com"]
[Date "2024.03.26"]
[Round "8"]
[White "Slovak_fighter2000"]
[Black "AlexeiShirov"]
[Result "0-1"]
[WhiteElo "2611"]
[BlackElo "2829"]
[TimeControl "180+1"]
[EndTime "15:28:26 PDT"]
[Termination "AlexeiShirov won by resignation"]

1. d4 d5 2. Nf3 Nf6 3. c4 c6 4. Nc3 e6 5. g3 dxc4 6. Bg2 b5 7. Ne5 a6 8. a4 Bb7 9. O-O Be7 10.
axb5 axb5 11. Rxa8 Bxa8 12. Nxb5 cxb5 13. Bxa8 O-O 14.
Bg2 Nd5 15. e4 Nb4 16. d5 exd5 17. exd5 Qc7 18. Qe2 Bd6 19. f4 Re8 20. Qh5 Nd3 21.
Nxd3 cxd3 22. Qf3 Qc2 23. Qd1 Na6 24. Qxc2 dxc2 25. Bf3 Nc5 26. Kg2 Nd3 27. b3 Re1 28. Bd2 Rxf1 29. Kxf1 c1=Q+ 30. Bxc1 Nxc1 31. Bd1 f5 32. Bc2 g6 33. Ke1 Kf7 34. Kd1 Na2 35. Bd3 Nc3+ 36. Kc2 b4 37. Bc4 Ke7 38. Kd3 Bc5 39. d6+ Bxd6 40. Bg8 h6 41. h3 Kf6 42. Bc4 g5 43.
fxg5+ hxg5 44. g4 fxg4 45. hxg4 Ke5 46. Ba6 Ne4 47. Bc8 Nf6 48. Ke3 Bc5+ 49. Kf3 Kd4 50. Be6 Bd6 51. Bf7 Ne4 52. Bg8 Nc5 53. Bf7 Bf4 54.
Bg8 Kc3 0-1

[Event "Late-Titled-Tuesday-Blitz-March-26-2024"]
[Site "Chess.com"]
[Date "2024.03.26"]
[Round "8"]
[White "CFalcons8"]
[Black "ATM622"]
[Result "1-0"]
[WhiteElo "2416"]
[BlackElo "2509"]
[TimeControl "180+1"]
[EndTime "15:28:26 PDT"]
[Termination "CFalcons8 won by resignation"]

1. e4 c6 2. d4 d5 3. exd5 cxd5 4.
c4 e6 5. Nf3 Nf6 6. Nc3 Bb4 7.
Bd3 dxc4 8. Bxc4 O-O 9. O-O a6 10. a3 Be7 11. Be3 b5 12. Ba2 Bb7 13. Qe2 Qc7 14.
Ne5 Nc6 15. Nxc6 Qxc6 16. f3 b4 17. axb4 Bxb4 18. Rac1 Qd7 19. Rfd1 Rac8 20. Bg5 Be7 21. Be3 Rc7 22. Bf4 Bd6 23. Bxd6 Qxd6 24. Ne4 Nxe4 25.
Rxc7 Qxc7 26. fxe4 Rd8 27. d5 exd5 28. exd5 h6 29. Rf1 Qb6+ 30. Kh1 Qd6 31. Rd1 Qc5 32. Qf3 Rd6 33. Qe4 Qc7 34. Bb1 g6 35. Ba2 Qd8 36. Qe5 f6 37. Qg3 Kf7 38. Qh3 h5 39. Qb3 Ba8 40.
Qa3 Bxd5 41. Rxd5 Rxd5 42. Qxa6 Kg7 43. Bxd5 Qxd5 44. Qa7+ Kh6 45. Qe3+ g5 46. h4 Kg6 47. hxg5 fxg5 48. Qb6+ Kf5 49. b4 h4 50. b5 h3 51.
Qf2+ Kg6 52. Qc2+ Kh5 53. Qh7+ Kg4 54. Qxh3+ Kf4 55. Qf3+ Qxf3 56. gxf3 Ke5 57. Kg2 Kd5 58. Kg3 g4 59. Kxg4 Kc5 60. Kg5 Kxb5 61. Kg6 Kc6 62.
f4 Kd7 63. f5 Ke8 64. Kg7 1-0

[Event "Late-Titled-Tuesday-Blitz-March-26-2024"]
[Site "Chess.com"]
[Date "2024.03.26"]
[Round "8"]
[White "Chempiblinka"]
[Black "ValeriyGrinev"]
[Result "0-1"]
[WhiteElo "2380"]
[BlackElo "2596"]
[TimeControl "180+1"]
[EndTime "15:28:26 PDT"]
[Termination "ValeriyGrinev won on time"]

1. Nf3 c5 2. g3 Nc6 3. Bg2 g6 4. O-O Bg7 5. c4 Nf6 6. Nc3 O-O 7. d3 d5 8. cxd5 Nxd5 9. Bd2 Nc7 10. Rc1 b6 11. a3 Bb7 12. Ne1 Ne6 13. Nc2 Rc8 14.
b4 cxb4 15. axb4 a5 16. bxa5 Nxa5 17. Bxb7 Nxb7 18. Nb4 Nd6 19. Ncd5 Qd7 20. Nxb6 Rxc1 21. Nxd7 Rxd1 22. Rxd1 Rd8 23. Nb6 Bd4 24. N4d5 Kf8 25. Be3 Nf5 26. Bxd4 Nexd4 27. e3 Nf3+ 28. Kg2 Ne5 29.
d4 Nc6 30. Rc1 Na5 31. Rb1 h5 32. Rb5 Nb7 33. Nf4 Nbd6 34. Rc5 e6 35. Rc7 Ne4 36. Nd3 Kg8 37. Ne5 Rf8 38. Nbd7 Ra8 39. Nb6 Ra2 40.
Nxf7 Rxf2+ 41. Kg1 Nxe3 42. Nh6+ Kh8 43. Nf7+ Kg7 44. Ng5+ Kh6 45. Nxe4 Rb2 46. Nd2 Rxd2 47. Rc1 Rg2+ 48. Kh1 Rb2 49. Nc4 Nxc4 50. Rxc4 Rd2 51. Rb4 Kg5 52. Ra4 Kf5 53. Rb4 Ke4 54. Ra4 Kf3 55.
Ra3+ Kf2 56. Ra1 Rxd4 57. Rc1 e5 58. Rb1 e4 59. Rb2+ Kf3 60. Rb1 e3 61. Kg1 e2 62.
Re1 Rd1 0-1

[Event "Late-Titled-Tuesday-Blitz-March-26-2024"]
[Site "Chess.com"]
[Date "2024.03.26"]
[Round "8"]
[White "nabukatnezarr"]
[Black "WindWhistler11"]
[Result "1-0"]
[WhiteElo "2608"]
[BlackElo "2458"]
[TimeControl "180+1"]
[EndTime "15:28:27 PDT"]
[Termination "nabukatnezarr won on time"]

1. Nf3 Nf6 2. g3 d6 3. Bg2 Nbd7 4. O-O e5 5. c4 Be7 6. Nc3 O-O 7. d4 c6 8. b3 Re8 9. Ba3 Qc7 10. Qc2 Bf8 11.
Rad1 e4 12. Ng5 e3 13. fxe3 Qa5 14. Nce4 Rxe4 15. Bxe4 Qxg5 16. Bg2 Qxe3+ 17. Kh1 Ng4 18. Rf3 Nf2+ 19. Kg1 Nh3+ 20. Kh1 Nf2+ 21. Kg1 Nxd1+ 22.
Rxe3 Nxe3 23. Qd3 Nxg2 24. Kxg2 d5 25. Bxf8 Nxf8 26. cxd5 cxd5 27. Qb5 Bf5 28. Qxd5 g6 29. e4 Bc8 30. Qd8 b6 31. d5 Bb7 32. Qe7 Ba6 33. h4 h5 34. g4 Rc8 35. gxh5 gxh5 36. Kg3 Rc3+ 37. Kf2 Ng6 38. Qg5 Rc2+ 39. Kf3 Kg7 40. e5 Re2 41. e6 fxe6 42. d6 Re5 43. d7 Be2+ 44. Kf2 Rxg5 45. hxg5 1-0

[Event "Late-Titled-Tuesday-Blitz-March-26-2024"]
[Site "Chess.com"]
[Date "2024.03.26"]
[Round "8"]
[White "IsuruAlahakoon"]
[Black "lluiss"]
[Result "0-1"]
[WhiteElo "2356"]
[BlackElo "2235"]
[TimeControl "180+1"]
[EndTime "15:28:28 PDT"]
[Termination "lluiss won on time"]

1. Nf3 d5 2. e3 c6 3. c4 e6 4. d4 f5 5. Nc3 Nf6 6. Bd3 Bd6 7. O-O O-O 8. b3 Bd7 9. Bb2 Be8 10. cxd5 cxd5 11. Nb5 Bxb5 12. Bxb5 Nbd7 13. Rc1 a6 14. Bd3 Qe7 15. Ne5 Rfc8 16. Qe2 Ne4 17. Bxe4 fxe4 18.
f3 exf3 19. Rxc8+ Rxc8 20. Qxf3 Rc2 21. Nd3 Nf6 22. Qd1 Rc8 23. Qf3 Ne4 24. Rc1 Rxc1+ 25. Bxc1 Qc7 26. Qg4 Qf7 27. Qf3 Nc3 28. Bd2 Qxf3 29.
gxf3 Nxa2 30. Kf1 b6 31. Ke2 a5 32. Kd1 Kf7 33. Kc2 Nb4+ 34. Bxb4 Bxb4 35. Ne5+ Ke7 36. e4 Bd6 37. exd5 Bxe5 38. dxe5 exd5 39. Kd3 Ke6 40. Kd4 b5 41. f4 g6 42. Kc5 a4 43.
bxa4 bxa4 44. Kb4 g5 45. fxg5 Kxe5 0-1

[Event "Late-Titled-Tuesday-Blitz-March-26-2024"]
[Site "Chess.com"]
[Date "2024.03.26"]
[Round "8"]
[White "Nemsko"]
[Black "sotochess"]
[Result "1-0"]
[WhiteElo "2436"]
[BlackElo "2567"]
[TimeControl "180+1"]
[EndTime "15:28:30 PDT"]
[Termination "Nemsko won on time"]

1. e4 c5 2. Nf3 d6 3. d4 cxd4 4. Nxd4 Nf6 5. Nc3 a6 6. Be3 Ng4 7. Bg5 h6 8. Bh4 g5 9. Bg3 Bg7 10. h3 Ne5 11. f3 Nbc6 12. Bf2 Bd7 13. Qd2 Rc8 14. O-O-O Na5 15. Kb1 Nac4 16. Bxc4 Nxc4 17. Qd3 b5 18. Nd5 e6 19. Ne3 Ne5 20. Qd2 a5 21. g3 Ng6 22. Ne2 Rc6 23. Nd4 Rc8 24. Ne2 Rc6 25. Nd4 Ra6 26. Qe2 Qb8 27. f4 gxf4 28.
gxf4 Nxf4 29. Qg4 Ng6 30. Qg2 h5 31. Bg3 h4 32. Bh2 a4 33. c3 b4 34. cxb4 Qxb4 35. Qd2 Qc5 36. Qc3 Qxc3 37. bxc3 Ke7 38. Kc2 Rc8 39.
Kd2 Be5 40. Bxe5 Nxe5 41. Rhg1 Rb6 42. Rb1 Rcb8 43. Rxb6 Rxb6 44. Rc1 1-0

[Event "Late-Titled-Tuesday-Blitz-March-26-2024"]
[Site "Chess.com"]
[Date "2024.03.26"]
[Round "8"]
[White "subham777"]
[Black "djano"]
[Result "0-1"]
[WhiteElo "2545"]
[BlackElo "2681"]
[TimeControl "180+1"]
[EndTime "15:28:31 PDT"]
[Termination "djano won on time"]

1. e4 c5 2. Nf3 Nc6 3. Bb5 g5 4. Nxg5 Nf6 5. d3 Nd4 6. Bc4 d5 7. exd5 h6 8. Ne4 Nxd5 9. c3 Ne6 10. Qf3 Nb6 11. Bb3 Qc7 12. Be3 Bd7 13. Bxe6 Bxe6 14. Nxc5 Bd5 15. Ne4 O-O-O 16. Qg3 Qc6 17. O-O f5 18.
Ned2 Rg8 19. Bd4 Rxg3 20. fxg3 Bxg2 21. Rxf5 Bh3 22. Rc5 Qxc5 23. Bxc5 Rxd3 24. Bd4 e5 25. Bxb6 axb6 26. Kf2 Bc5+ 27. Ke2 Re3+ 28. Kd1 Bg4+ 29.
Kc2 Bf5+ 30. Kd1 Bg4+ 31. Kc2 Re1 32. b4 Be3 33. Kb2 Bf5 34. Nb3 Re2+ 35. Ka3 Rxh2 36. c4 Rh1 37. Kb2 Bf2 38. Nc3 Rxa1 39. Nxa1 Bxg3 40.
Nd5 Kd8 41. Nxb6 h5 42. Nc2 h4 43. Nd5 h3 44. Nde3 h2 45. Nxf5 Bf4 46. Nd6 h1=Q 47. c5 Qd5 48. Na3 Be3 49. Nac4 Bd4+ 50. Kb3 e4 0-1

[Event "Late-Titled-Tuesday-Blitz-March-26-2024"]
[Site "Chess.com"]
[Date "2024.03.26"]
[Round "8"]
[White "financieru"]
[Black "Alex_Banzea"]
[Result "0-1"]
[WhiteElo "2409"]
[BlackElo "2531"]
[TimeControl "180+1"]
[EndTime "15:28:31 PDT"]
[Termination "Alex_Banzea won by resignation"]

1. d4 Nf6 2. c4 g6 3. Nc3 Bg7 4. e4 d6 5. f3 O-O 6. Be3 a6 7.
Bd3 Nfd7 8. Nge2 c5 9. d5 Ne5 10.
O-O Nbd7 11. b3 b5 12. cxb5 Nxd3 13. Qxd3 axb5 14. Rac1 b4 15. Na4 Ba6 16. Qd2 Bb5 17.
h3 Bxa4 18. bxa4 Rxa4 19. f4 Qa5 20. Rc2 Ra8 21. Nc1 Ra3 22. Kh1 Qa4 23. Rf2 Rxe3 24. Qxe3 Bd4 25. Qe2 Bxf2 26. Qxf2 Nf6 27. Qe2 Nh5 28.
Qf2 Ng3+ 29. Kh2 Nxe4 30. Qe2 Nc3 31. Qd3 Qb5 32. Rxc3 Qxd3 33. Rxd3 Kf8 34. Kg1 Ke8 35. Kf2 Kd7 36. Ke2 e6 37. Kd2 exd5 38. Rxd5 Kc6 39.
Rd3 d5 40. Kc2 d4 41. Kb2 Kd5 42. Nb3 Re8 43. Rd2 Re4 44. Rf2 c4 45. Nc1 d3 46. f5 c3+ 47. Kb1 d2 48. Kc2 Re1 49.
Rxd2+ cxd2 50. Kxd2 Rg1 51. fxg6 Rxg2+ 52. Ne2 hxg6 53. Ke3 Rxe2+ 54. Kxe2 Ke4 55. Kf2 Kf4 56. Kg2 Ke3 57. Kg3 f5 58. h4 f4+ 59. Kg2 Ke2 0-1

[Event "Late-Titled-Tuesday-Blitz-March-26-2024"]
[Site "Chess.com"]
[Date "2024.03.26"]
[Round "8"]
[White "omeed_87"]
[Black "nindjaxx8"]
[Result "1-0"]
[WhiteElo "2439"]
[BlackElo "2602"]
[TimeControl "180+1"]
[EndTime "15:28:32 PDT"]
[Termination "omeed_87 won by checkmate"]

1. d4 d5 2. Nf3 Nf6 3. Bf4 Bf5 4. e3 e6 5. c4 Nbd7 6. Nc3 c6 7. Qb3 Qc8 8. h3 Be7 9. Be2 O-O 10. O-O Ne4 11.
Nxe4 Bxe4 12. Nd2 Bg6 13. Rac1 Nf6 14. Bg5 Rd8 15. Bf3 a5 16. Bxf6 Bxf6 17. a4 Qd7 18.
Qa3 b6 19. Rfd1 Be7 20. Qb3 Bb4 21. Nb1 Rac8 22. Nc3 h6 23. Ne2 Rc7 24. Nf4 Bf5 25. Nd3 Bd6 26. c5 bxc5 27. Nxc5 Bxc5 28. Rxc5 Rb8 29.
Qc3 Rcb7 30. Rd2 Rb3 31. Qc1 R8b6 32. Bd1 R3b4 33. Rxa5 Qe7 34. Rc5 Be4 35. Bc2 Rxb2 36.
Bxe4 Rxd2 37. Qxd2 dxe4 38. Qc2 Qb7 39. Qxe4 Rb1+ 40. Kh2 Qb8+ 41. Qe5 Qb4 42. Rxc6 Qe1 43. Kg3 Rb2 44. Rc8+ Kh7 45. Qf4 f5 46. Rc7 h5 47.
a5 Qe2 48. a6 Ra2 49. a7 Qf1 50. Kh4 Kg6 51. Qg5+ Kh7 52. Qxg7# 1-0

[Event "Late-Titled-Tuesday-Blitz-March-26-2024"]
[Site "Chess.com"]
[Date "2024.03.26"]
[Round "8"]
[White "ploxoi"]
[Black "TokChess"]
[Result "0-1"]
[WhiteElo "2422"]
[BlackElo "2602"]
[TimeControl "180+1"]
[EndTime "15:28:33 PDT"]
[Termination "TokChess won by checkmate"]

1. d4 Nf6 2. c4 g6 3. g3 Bg7 4. Bg2 d5 5. Nf3 dxc4 6. Ne5 Nfd7 7. Nxc4 Nb6 8. Nxb6 axb6 9. e3 O-O 10. O-O e5 11. dxe5 Bxe5 12. Qc2 c6 13. Rd1 Qe7 14. Nc3 b5 15. Ne4 Bf5 16. Qc5 Qxc5 17. Nxc5 Ra7 18.
e4 Bc8 19. Nd3 Bg7 20. Be3 Ra8 21. a3 Nd7 22. Ra2 Ne5 23. Nxe5 Bxe5 24. Bc5 Be6 25. Raa1 Bxb2 26. Rab1 Rfd8 27. Rxd8+ Rxd8 28. Bb6 Rd2 29. Be3 Rc2 30. Bf1 Bxa3 31. Bd3 Rb2 32. Ra1 Ra2 33. Rd1 Bb2 34. Rd2 Bc3 35. Rd1 Ra1 36. Rxa1 Bxa1 37. Bc5 f6 38. Kf1 Kf7 39. Ke2 h5 40. f4 Bc3 41. Kd1 f5 42. Kc2 Ba5 43. e5 Bd5 44. Kb2 Ke6 45. Kc2 Bd8 46. Kb2 Be7 47. Bb6 b4 48.
Bc2 c5 49. Ba4 c4 50. Be8 g5 51. Bxh5 gxf4 52. gxf4 c3+ 53. Kc2 Bh4 54. Ba5 Be7 55. Be2 Bc5 56. Bd8 Bd4 57. h4 b3+ 58. Kc1 Be3+ 59.
Kb1 c2+ 60. Kb2 c1=Q# 0-1

[Event "Late-Titled-Tuesday-Blitz-March-26-2024"]
[Site "Chess.com"]
[Date "2024.03.26"]
[Round "8"]
[White "Zkid"]
[Black "KaydenTroffChess"]
[Result "0-1"]
[WhiteElo "2917"]
[BlackElo "2875"]
[TimeControl "180+1"]
[EndTime "15:28:34 PDT"]
[Termination "KaydenTroffChess won by resignation"]

1. e4 c5 2. Nf3 g6 3. d4 cxd4 4. Nxd4 Bg7 5. c4 Qb6 6. Nb3 a5 7. Be3 Qb4+ 8. Bd2 Qd6 9. Bc3 Qxd1+ 10. Kxd1 Nf6 11. f3 O-O 12. Bxa5 Nxe4 13. fxe4 Bxb2 14. Bc3 Bxa1 15. Bxa1 Rxa2 16. Nc3 Ra3 17. Kc2 Nc6 18.
Nd5 d6 19. Bb2 Ra4 20. Nd4 Re8 21. Bd3 Be6 22. Nb5 Bxd5 23. exd5 Nb4+ 24. Kc3 Rc8 25. Kd2 Nxd3 26. Kxd3 Rcxc4 27. Re1 Rcb4 28. Nc3 Ra5 29.
Bc1 Kf8 30. Bh6+ Ke8 31. h4 f6 32. Bd2 Rxh4 33. Rb1 Ra7 34. Be3 Ra8 35. Rxb7 Rg4 36. Nb5 Rc8 37. Bd4 Rg3+ 38. Ke4 f5+ 39. Kf4 Rg4+ 40.
Kf3 Rc4 41. Be3 Rge4 42. Nd4 Rc3 43. Ne6 Rcxe3+ 44. Kf2 Rxe6 45. dxe6 Rxe6 46. Rb8+ Kf7 47. Kf3 Re4 48. g3 h5 49. Rh8 Kg7 50. Re8 d5 51.
Rd8 d4 52. Rd7 Kf6 53. Rd8 e5 54. Rd7 Kg5 55. Kf2 Re3 56. Rd5 Kg4 57. Rd6 g5 58.
Rd5 Rf3+ 59. Ke2 Rxg3 60. Rxe5 Re3+ 0-1

[Event "Late-Titled-Tuesday-Blitz-March-26-2024"]
[Site "Chess.com"]
[Date "2024.03.26"]
[Round "8"]
[White "Zhigalko_Sergei"]
[Black "Meri-Arabidze"]
[Result "1/2-1/2"]
[WhiteElo "2889"]
[BlackElo "2693"]
[TimeControl "180+1"]
[EndTime "15:28:35 PDT"]
[Termination "Game drawn by repetition"]

1. e4 e5 2. Nf3 Nc6 3. Bc4 Nf6 4. d3 h6 5. O-O d6 6. c3 Be7 7. Nbd2 O-O 8. Bb3 Nh7 9. Re1 Ng5 10. h3 Kh8 11. d4 a5 12. Bd5 Bf6 13. Nxg5 Bxg5 14.
Bxc6 bxc6 15. dxe5 dxe5 16. Nb3 Bf6 17. Be3 a4 18.
Nc5 a3 19. b4 Be7 20. Qh5 Qd6 21. Rad1 Qf6 22. Rd2 Kg8 23. Red1 Bxc5 24. Bxc5 Re8 25. Qe2 Be6 26. c4 Red8 27. Rc1 Qf4 28. Rxd8+ Rxd8 29.
Qe3 Rd2 30. Qxa3 Rxa2 31. Qxa2 Qxc1+ 32. Kh2 Qf4+ 33. Kg1 Qxe4 34. Qd2 Qxc4 35. Qd8+ Kh7 36.
Qxc7 Qd5 37. Qe7 Qd1+ 38. Kh2 Qd5 39. Qd6 f6 40. Qe7 Qd7 41. Qxd7 Bxd7 42. Kg1 Kg6 43.
f3 Kf7 44. Kf2 f5 45. g4 g6 46. Kg3 h5 47. gxh5 gxh5 48. f4 e4 49. h4 Ke6 50.
Kf2 Kd5 51. Ke3 Kc4 52. Be7 Be6 53. Bd6 Bd5 54. Be7 Kc3 55. Bc5 Kc2 56. Bd6 Kc3 57.
Bc5 Kc4 58. Bd6 Kc3 59. Bc5 1/2-1/2

[Event "Late-Titled-Tuesday-Blitz-March-26-2024"]
[Site "Chess.com"]
[Date "2024.03.26"]
[Round "8"]
[White "Hirna2005"]
[Black "IriBu"]
[Result "0-1"]
[WhiteElo "2320"]
[BlackElo "2572"]
[TimeControl "180+1"]
[EndTime "15:28:35 PDT"]
[Termination "IriBu won on time"]

1. e4 d6 2. d4 Nf6 3. Nc3 e5 4. Nf3 Nbd7 5. Bc4 Be7 6. O-O c6 7. a4 Qc7 8. h3 h6 9. Be3 Nf8 10. Qd2 Ng6 11. Rad1 b6 12. dxe5 dxe5 13. Nh2 a6 14.
Qe2 b5 15. Bd3 O-O 16. Ng4 Nxg4 17. hxg4 Be6 18. f3 Nf4 19. Qf2 b4 20. Ne2 c5 21. b3 Rfd8 22. Bxf4 exf4 23. Kh2 Bf6 24. g3 g5 25. gxf4 gxf4 26. Rg1 Qe5 27. Rg2 Bg5 28. Kh1 Rd6 29. Rh2 Rad8 30. Rg1 a5 31. Bb5 Kg7 32. Rh5 f6 33. Qh2 Bf7 34. Rh3 Rd2 35. Bd3 c4 36. bxc4 b3 37. Rg2 bxc2 38. Bxc2 Rxc2 39. Ng1 Rc1 40. Rc2 Rdd1 41. Rxc1 Rxc1 42. Qd2 Qc3 43. Rh2 Qxd2 44. Rxd2 Rxc4 45. Rd7 Rxa4 46. Kg2 Ra2+ 47. Kf1 a4 48. Ne2 Bh4 49. Nd4 Bg5 50. Nf5+ Kf8 51. Ra7 Bc4+ 52. Ke1 a3 53. Ra8+ Kf7 54. Ra7+ Ke8 55.
Nd6+ Kd8 56. Nxc4 Bh4+ 57. Kd1 Rf2 58. Rxa3 Bg3 59. Rd3+ Ke7 60. Rd2 Rxf3 61. Nd6 Rf1+ 62. Kc2 Rf2 63. Nf5+ Kf7 64. Nxh6+ Kg6 65. Nf5 Rxd2+ 66.
Kxd2 Kg5 67. Ke2 Kxg4 0-1

[Event "Late-Titled-Tuesday-Blitz-March-26-2024"]
[Site "Chess.com"]
[Date "2024.03.26"]
[Round "8"]
[White "zverr1"]
[Black "cristiano78"]
[Result "1-0"]
[WhiteElo "2555"]
[BlackElo "2255"]
[TimeControl "180+1"]
[EndTime "15:28:35 PDT"]
[Termination "zverr1 won by resignation"]

1. e4 c5 2. Nf3 d6 3. Nc3 e5 4.
Bc4 Be7 5. O-O Nf6 6. d3 h6 7. a4 Nc6 8. Nd5 Nxd5 9. Bxd5 O-O 10. Nd2 Be6 11. Bxe6 fxe6 12. Qg4 Qd7 13. Nc4 Kh7 14.
c3 Rad8 15. f4 exf4 16. Bxf4 d5 17. Ne5 Nxe5 18. Bxe5 Bf6 19. Bxf6 Rxf6 20. Rxf6 gxf6 21. Rf1 Rg8 22. Qh4 Qg7 23. g3 Qg5 24. Qxg5 fxg5 25. exd5 exd5 26. Rf5 Re8 27. Rxd5 Re2 28. Rd7+ Kg6 29.
Rxb7 Kf5 30. h3 Rd2 31. Rb5 Ke6 32. Rxc5 Rxb2 33. d4 Kf6 34. a5 h5 35. g4 hxg4 36. hxg4 Ra2 37. Rc6+ Ke7 38. Rc7+ Kd6 39. Rxa7 Kd5 40.
Rg7 Ke4 41. Rxg5 Kf4 42. Rf5+ Kxg4 43. Rc5 Kf4 44. Kf1 Ke4 45. Ke1 Ke3 46. Kd1 Kd3 47.
Kc1 Rc2+ 48. Kb1 Rh2 49. a6 Rh6 50. Ra5 Kxc3 51. a7 Kb3 52. Ra3+ Kxa3 53. a8=Q+ Kb3 54. Qb8+ Kc3 55. Qg3+ Kc4 56. Kc2 Rc6 57. Qd3+ Kd5+ 58. Kd2 Rc4 59. Ke3 Ra4 60. Qb5+ 1-0